 Dungeon Crawl Stone Soup version 0.25.1-2-g60ff931df9 (webtiles) character file.

Game seed: 4252841920342720380

35 pokeman the Magician (level 3, -1/20 HPs)
             Began as a Deep Elf Wizard on Nov 15, 2020.
             Hit by a stone thrown by a gnoll (8 damage)
             ... on level 2 of the Dungeon.
             The game lasted 00:01:38 (1131 turns).

pokeman the Magician (Deep Elf Wizard)              Turns: 1131, Time: 00:01:38

Health: -1/20      AC:  3    Str:  4    XL:     3   Next: 17%
Magic:  4/11       EV: 11    Int: 23    God:
Gold:   54         SH:  0    Dex: 13    Spells: 1/12 levels left

rFire    . . .     SeeInvis .   (no weapon)
rCold    . . .     Gourm    .   (no shield)
rNeg     . . .     Faith    .   i - +0 leather armour
rPois    .         Spirit   .   b - +0 hat
rElec    .         Reflect  .   (no cloak)
rCorr    .         Harm     .   (no gloves)
MR       .....                  (no boots)
Stlth    ++........             (no amulet)
HPRegen  0.06/turn              (no ring)
MPRegen  0.12/turn              (no ring)

@: no status effects
A: no striking features
a: no special abilities


You were on level 2 of the Dungeon.
You were not hungry.

You visited 1 branch of the dungeon, and saw 2 of its levels.

You collected 54 gold pieces.

Inventory:

Armour
 b - a +0 hat (worn)
 i - a +0 leather armour (worn)
Scrolls
 c - a scroll of blinking {unknown}
 g - a scroll of remove curse {unknown}
Potions
 e - 2 potions of berserk rage {unknown}
 f - a potion of curing {unknown}
 h - a potion of mutation {unknown}
Comestibles
 d - 5 rations


   Skills:
 + Level 0.8 Fighting
 + Level 0.8 Armour
 - Level 2.4 Dodging
 - Level 2.4 Stealth
 * Level 5.1 Spellcasting
 + Level 1.8 Conjurations
 - Level 1.1 Summonings
 - Level 1.1 Translocations


You had one spell level left.
You knew the following spells:

 Your Spells              Type           Power        Failure   Level  Hunger
a - Magic Dart            Conj           ##..         8%          1    None
b - Mephitic Cloud        Conj/Pois/Air  #.......     36%         3    ##.....
c - Call Imp              Summ           ##......     16%         2    None
d - Blink                 Tloc           N/A          16%         2    None
e - Conjure Flame         Conj/Fire      ##......     32%         3    ##.....

Your spell library contained the following spells:

 Spells                   Type           Power        Failure   Level  Hunger
 Slow                     Hex            #.......     24%         2    None


Dungeon Overview and Level Annotations

Branches:
Dungeon (2/15)

Altars:


Message History

You finish memorising.
Spell assigned to 'e'.
You see here a +0 club.
There is a stone staircase leading down here.
You climb downwards.
You are feeling hungry.
There is a stone staircase leading up here.
Unknown command.
Eating a chunk of flesh.
You eat the chunk of flesh.
This raw flesh tastes terrible.
A gnoll comes into view.
Casting: Magic Dart (safe; 8% risk of failure)
Confirm with . or Enter, or press ? or * to list all spells.
Aiming: Magic Dart (safe; 8% risk of failure)
Press: ? - help, Shift-Dir - straight line, f - gnoll
Aim: a gnoll, quivering 13 stones (wandering, hasn't noticed you)
The magic dart hits the gnoll.
The gnoll is moderately wounded.
The gnoll shouts!
The gnoll throws a stone.
The stone hits you!
You die...

# ###########g#
#...........#
###.........#
#......(.(..#
#....(.@....###
#......÷.......
###.....(.....###
...........#####
.(.........#
..(........#
...........#
.....†.....#
....########


You could see a gnoll.

Vanquished Creatures
  A gnoll (D:1)
  An adder (D:2)
  A giant cockroach (D:2)
  A goblin (D:2)
  3 hobgoblins
  2 ball pythons (D:1)
  4 bats
  3 kobolds
  2 rats (D:1)
18 creatures vanquished.

Notes
Turn   | Place    | Note
-------+----------+-------------------------------------------
     0 | D:1      | pokeman the Deep Elf Wizard began the quest for the Orb.
     0 | D:1      | Reached XP level 1. HP: 10/10 MP: 7/7
   756 | D:1      | Reached XP level 2. HP: 16/16 MP: 6/9
  1042 | D:2      | Reached skill level 5 in Spellcasting
  1096 | D:1      | Reached XP level 3. HP: 5/20 MP: 0/11
  1101 | D:1      | Learned a level 3 spell: Mephitic Cloud
  1104 | D:1      | Learned a level 2 spell: Call Imp
  1107 | D:1      | Learned a level 2 spell: Blink
  1111 | D:1      | Learned a level 3 spell: Conjure Flame
  1131 | D:2      | Hit by a stone thrown by a gnoll

Illustrated notes

Levels and vault maps discovered:
D:1:      dpeg_arrival_simpleton_b, layout_basic
D:2:      layout_basic, minmay_statues_item

Skill      XL: |  1  2 |
---------------+-------+-----
Spellcasting   | 5 |  5.1
Fighting       | |  0.8
Armour         | |  0.8
Dodging        | |  2.4
Stealth        | |  2.4
Conjurations   | |  1.8
Summonings     | |  1.1
Translocations | |  1.1

Action                   || total
-------------------------++-------
Melee: Unarmed           ||    15
 Cast: Magic Dart        ||    47
  Eat: Chunk             ||     1
Armor: Leather armour    ||     1
Dodge: Dodged            ||    17
